| TOP OF THE 1ST |
|
Bristol Pirates batting - Pitching for Philadelphia (APP) Phillies : LHP Justin Harrison
|
|
Pitching: LHP Justin Harrison
|
|
|
Batting: RHB Alex Arzate
|
0-0: Reached on error, E5 (Groundball, 56, EV 89.4 MPH)
|
|
Batting: RHB Ryan LeSueur
|
0-0: Ball 1-0: Reached on error, E5 (Groundball, 56, EV 88.8 MPH) Alex Arzate to third
|
|
Batting: LHB Josh Aerni
|
0-0: Ball 1-0: Foul Ball, location: 2F 1-1: Called Strike Ryan LeSueur is caught stealing 2nd base 2-6 1-2: Fly out, F9 (Flyball, 9, EV 88.1 MPH) Runner from 3rd tags up, SCORES, throw by RF
|
|
Batting: RHB Ricky Alvarado
|
0-0: Ball 1-0: Called Strike 1-1: SINGLE (Groundball, 56, EV 104.4 MPH)
|
|
Batting: RHB Steve Terres
|
0-0: Ball 1-0: Ball Ricky Alvarado is caught stealing 2nd base 2-4
|
| Top of the 1st over - 1 run, 1 hit, 2 errors, 0 left on base; Bristol 1 - Philadelphia (APP) 0 |
| BOTTOM OF THE 1ST |
|
Philadelphia (APP) Phillies batting - Pitching for Bristol Pirates : RHP Jason Kaufman
|
|
Pitching: RHP Jason Kaufman
|
|
|
Batting: LHB Travis Hahn
|
0-0: Called Strike 0-1: Called Strike 0-2: Strikes out looking
|
|
Batting: RHB Dave Gallegos
|
0-0: SINGLE (Line Drive, 78S, EV 107.5 MPH)
|
|
Batting: LHB Rich Kuehne
|
0-0: Called Strike 0-1: Fly out, F7 (Flyball, 7D, EV 100.0 MPH)
|
|
Batting: SHB Brett St. Clair
|
0-0: Swinging Strike 0-1: Called Strike 0-2: Ball 1-2: Ball 2-2: Strikes out swinging
|
| Bottom of the 1st over - 0 runs, 1 hit, 0 errors, 1 left on base; Bristol 1 - Philadelphia (APP) 0 |
| TOP OF THE 2ND |
|
Bristol Pirates batting - Pitching for Philadelphia (APP) Phillies : LHP Justin Harrison
|
|
Batting: RHB Steve Terres
|
0-0: Foul Ball, location: 2F 0-1: Ball 1-1: Ball 2-1: Foul Ball, location: 2F 2-2: Ball 3-2: Foul Ball, location: 2F 3-2: Base on Balls
|
|
Batting: RHB Rusty Trader
|
0-0: Ball 1-0: Ball 2-0: Called Strike 2-1: Foul Ball, location: 2F 2-2: Fielders Choice at 2nd, 4-6 (Groundball, 4, EV 88.1 MPH)
|
|
Batting: RHB Jon Solis
|
0-0: Ball 1-0: Ball 2-0: Ball 3-0: Called Strike 3-1: Base on Balls Rusty Trader to second
|
|
Batting: RHB Hidesuke Yoshida
|
0-0: DOUBLE (Line Drive, 8LD, EV 106.2 MPH) Rusty Trader scores Jon Solis to third
|
|
Batting: SHB Juan Ayala
|
0-0: Ball 1-0: Fly out, F7 (Flyball, BS2, EV 93.1 MPH) Runner from 3rd tags up, SCORES, no throw by LF Hidesuke Yoshida to third
|
|
Batting: RHB Alex Arzate
|
0-0: Ball 1-0: Ball 2-0: Ball 3-0: Called Strike 3-1: Foul Ball, location: 2F 3-2: Ground out 4-3 (Groundball, 4M, EV 79.4 MPH)
|
| Top of the 2nd over - 2 runs, 1 hit, 0 errors, 1 left on base; Bristol 3 - Philadelphia (APP) 0 |
| BOTTOM OF THE 2ND |
|
Philadelphia (APP) Phillies batting - Pitching for Bristol Pirates : RHP Jason Kaufman
|
|
Batting: RHB Juan Valadez
|
0-0: Ball 1-0: Ball 2-0: Ball 3-0: Base on Balls
|
|
Batting: RHB Joel Gomez
|
0-0: Grounds into double play, 4-6-3 (Groundball, 34D, EV 79.4 MPH)
|
|
Batting: RHB Rafael Soto
|
0-0: Ball 1-0: Called Strike 1-1: Ball 2-1: Foul Ball, location: 2F 2-2: Fly out, F9 (Flyball, 9D, EV 96.2 MPH)
|
| Bottom of the 2nd over - 0 runs, 0 hits, 0 errors, 0 left on base; Bristol 3 - Philadelphia (APP) 0 |
| TOP OF THE 3RD |
|
Bristol Pirates batting - Pitching for Philadelphia (APP) Phillies : LHP Justin Harrison
|
|
Batting: RHB Ryan LeSueur
|
0-0: Swinging Strike 0-1: Ball 1-1: Ball 2-1: Ball 3-1: Base on Balls
|
|
Batting: LHB Josh Aerni
|
0-0: Ball Ryan LeSueur steals 2nd base 1-0: Fly out, F9 (Flyball, 89D, EV 95.0 MPH) Runner from 2nd tags up, SAFE at 3rd, no throw by RF
|
|
Batting: RHB Ricky Alvarado
|
0-0: Called Strike 0-1: Ball 1-1: SINGLE (Groundball, 34D, EV 103.8 MPH) Ryan LeSueur scores
|
|
Batting: RHB Steve Terres
|
0-0: DOUBLE (Groundball, 5L, EV 97.5 MPH) Ricky Alvarado to third Runner from 3rd tries for Home, SAFE, throw by LF to home
|
|
Batting: RHB Rusty Trader
|
0-0: Foul Ball, location: 2F 0-1: Foul Ball, location: 2F 0-2: Ball 1-2: Ball 2-2: SINGLE (Line Drive, 3D, EV 100.0 MPH) Steve Terres to third Runner from 3rd tries for Home, SAFE, throw by RF to home
|
|
Batting: RHB Jon Solis
|
0-0: Foul Ball, location: 2F 0-1: Foul Ball, location: 2F 0-2: Ball 1-2: Ball 2-2: Foul Ball, location: 2F 2-2: Fly out, F4 (Flyball, 34D, EV 95.6 MPH)
|
|
Batting: RHB Hidesuke Yoshida
|
0-0: Fly out, F4 (Flyball, 4MD, EV 93.8 MPH)
|
| Top of the 3rd over - 3 runs, 3 hits, 0 errors, 1 left on base; Bristol 6 - Philadelphia (APP) 0 |
| BOTTOM OF THE 3RD |
|
Philadelphia (APP) Phillies batting - Pitching for Bristol Pirates : RHP Jason Kaufman
|
|
Batting: RHB Allen Deschamps
|
0-0: Called Strike 0-1: Called Strike 0-2: Ball 1-2: Strikes out swinging
|
|
Batting: RHB Miguel Vazquez
|
0-0: Ball 1-0: Ball 2-0: Ball 3-0: Called Strike 3-1: Base on Balls
|
|
Batting: LHB Travis Hahn
|
0-0: Called Strike 0-1: Swinging Strike 0-2: Ball 1-2: Ball 2-2: Ball 3-2: Base on Balls Miguel Vazquez to second
|
|
Batting: RHB Dave Gallegos
|
0-0: Ball 1-0: Foul Ball, location: 2F 1-1: Called Strike 1-2: Strikes out looking
|
|
Batting: LHB Rich Kuehne
|
0-0: Ball 1-0: Called Strike 1-1: Foul Ball, location: 2F 1-2: Foul Ball, location: 2F 1-2: Ball 2-2: Foul Ball, location: 2F 2-2: Ball 3-2: Base on Balls Miguel Vazquez to third Travis Hahn to second
|
|
Batting: SHB Brett St. Clair
|
0-0: Called Strike 0-1: Ball 1-1: Ball 2-1: Ball 3-1: Base on Balls Miguel Vazquez scores Travis Hahn to third Rich Kuehne to second
|
|
Batting: RHB Juan Valadez
|
0-0: Ball 1-0: Fly out, F8 (Line Drive, 8RM, EV 91.9 MPH)
|
| Bottom of the 3rd over - 1 run, 0 hits, 0 errors, 3 left on base; Bristol 6 - Philadelphia (APP) 1 |
| TOP OF THE 4TH |
|
Bristol Pirates batting - Pitching for Philadelphia (APP) Phillies : LHP Justin Harrison
|
|
Batting: SHB Juan Ayala
|
0-0: Ball 1-0: Swinging Strike 1-1: Foul Ball, location: 2F 1-2: Ball 2-2: Strikes out swinging
|
|
Batting: RHB Alex Arzate
|
0-0: Called Strike 0-1: Foul Ball, location: 2F 0-2: Fly out, F8 (Flyball, 8LD, EV 86.2 MPH)
|
|
Batting: RHB Ryan LeSueur
|
0-0: Ball 1-0: Fly out, F9 (Flyball, 9, EV 76.2 MPH)
|
| Top of the 4th over - 0 runs, 0 hits, 0 errors, 0 left on base; Bristol 6 - Philadelphia (APP) 1 |
| BOTTOM OF THE 4TH |
|
Philadelphia (APP) Phillies batting - Pitching for Bristol Pirates : RHP Jason Kaufman
|
|
Batting: RHB Joel Gomez
|
0-0: Foul Ball, location: 2F 0-1: Ball 1-1: Ball 2-1: Foul Ball, location: 2F 2-2: Ball 3-2: Fly out, F8 (Flyball, 8LXD, EV 96.2 MPH)
|
|
Batting: RHB Rafael Soto
|
0-0: Ball 1-0: Ball 2-0: DOUBLE (Groundball, 5L, EV 101.2 MPH)
|
|
Batting: RHB Allen Deschamps
|
0-0: Called Strike 0-1: Ball 1-1: DOUBLE (Flyball, 89XD, EV 114.4 MPH) Rafael Soto scores
|
|
Batting: RHB Miguel Vazquez
|
0-0: Ball 1-0: Fly out, F8 (Flyball, 8LD, EV 95.0 MPH)
|
|
Batting: LHB Travis Hahn
|
0-0: Swinging Strike 0-1: Foul Ball, location: 2F 0-2: Strikes out swinging
|
| Bottom of the 4th over - 1 run, 2 hits, 0 errors, 1 left on base; Bristol 6 - Philadelphia (APP) 2 |
| TOP OF THE 5TH |
|
Bristol Pirates batting - Pitching for Philadelphia (APP) Phillies : LHP Justin Harrison
|
|
Batting: LHB Josh Aerni
|
0-0: Ball 1-0: Called Strike 1-1: Ball 2-1: Ball 3-1: Base on Balls
|
|
Batting: RHB Ricky Alvarado
|
0-0: Called Strike 0-1: Ball 1-1: Ground out 5-3 (Groundball, 56S, EV 75.6 MPH) Josh Aerni to second
|
|
Batting: RHB Steve Terres
|
0-0: Ball 1-0: Ball 2-0: Ball 3-0: Called Strike 3-1: Base on Balls
|
|
Batting: RHB Rusty Trader
|
0-0: Ball 1-0: Ball 2-0: Ball 3-0: Base on Balls Josh Aerni to third Steve Terres to second
|
|
Batting: RHB Jon Solis
|
0-0: Foul Ball, location: 2F 0-1: GRAND SLAM HOME RUN (Flyball, 78XD, EV 98.8 MPH), Distance : 407 ft
|
|
Pitching: RHP Franck Basset
|
|
|
Batting: RHB Hidesuke Yoshida
|
0-0: Foul Ball, location: 2F 0-1: Called Strike 0-2: Ball 1-2: Ball 2-2: Strikes out swinging
|
|
Batting: SHB Juan Ayala
|
0-0: Reached on error, E4 (Groundball, 4, EV 84.4 MPH)
|
|
Batting: RHB Alex Arzate
|
0-0: Foul Ball, location: 2F 0-1: Fielders Choice at 2nd, 6-4 (Groundball, 6, EV 93.8 MPH)
|
| Top of the 5th over - 4 runs, 1 hit, 1 error, 1 left on base; Bristol 10 - Philadelphia (APP) 2 |
| BOTTOM OF THE 5TH |
|
Philadelphia (APP) Phillies batting - Pitching for Bristol Pirates : RHP Jason Kaufman
|
|
Batting: RHB Dave Gallegos
|
0-0: Ball 1-0: Called Strike 1-1: Ground out 4-3 (Groundball, 4, EV 86.9 MPH)
|
|
Pitching: RHP Randy Nelligan
|
|
|
Batting: LHB Rich Kuehne
|
0-0: Ball 1-0: Swinging Strike 1-1: Ball 2-1: Ball 3-1: Called Strike 3-2: Strikes out swinging
|
|
Batting: SHB Brett St. Clair
|
0-0: Called Strike 0-1: Called Strike 0-2: Ball 1-2: Foul Ball, location: 2F 1-2: Strikes out looking
|
| Bottom of the 5th over - 0 runs, 0 hits, 0 errors, 0 left on base; Bristol 10 - Philadelphia (APP) 2 |
| TOP OF THE 6TH |
|
Bristol Pirates batting - Pitching for Philadelphia (APP) Phillies : RHP Franck Basset
|
|
Batting: RHB Ryan LeSueur
|
0-0: Called Strike 0-1: Ball 1-1: Foul Ball, location: 2F 1-2: Strikes out swinging
|
|
Batting: LHB Josh Aerni
|
0-0: Ball 1-0: Swinging Strike 1-1: Ball 2-1: SINGLE (Line Drive, 56, EV 94.4 MPH)
|
|
Batting: RHB Ricky Alvarado
|
0-0: Ball 1-0: Foul Ball, location: 2F 1-1: Ball 2-1: Swinging Strike 2-2: Strikes out swinging
|
|
Pitching: RHP Tim Starks
|
|
|
Batting: RHB Steve Terres
|
0-0: Ball 1-0: Foul Ball, location: 2F 1-1: Ball 2-1: Swinging Strike 2-2: Fielders Choice at 2nd, 6-4 (Groundball, 6, EV 95.6 MPH)
|
| Top of the 6th over - 0 runs, 1 hit, 0 errors, 1 left on base; Bristol 10 - Philadelphia (APP) 2 |
| BOTTOM OF THE 6TH |
|
Philadelphia (APP) Phillies batting - Pitching for Bristol Pirates : RHP Randy Nelligan
|
|
Batting: RHB Juan Valadez
|
0-0: Called Strike 0-1: Foul Ball, location: 2F 0-2: Strikes out swinging
|
|
Batting: RHB Joel Gomez
|
0-0: Called Strike 0-1: Ball 1-1: Ball 2-1: Foul Ball, location: 2F 2-2: Ball 3-2: Foul Ball, location: 2F 3-2: Strikes out looking
|
|
Batting: RHB Rafael Soto
|
0-0: Swinging Strike 0-1: Foul Ball, location: 2F 0-2: Foul Ball, location: 2F 0-2: TRIPLE (Flyball, 7LD, EV 95.6 MPH)
|
|
Batting: RHB Allen Deschamps
|
0-0: Swinging Strike 0-1: Ball 1-1: Foul Ball, location: 2F 1-2: Ball 2-2: Strikes out swinging
|
| Bottom of the 6th over - 0 runs, 1 hit, 0 errors, 1 left on base; Bristol 10 - Philadelphia (APP) 2 |
| TOP OF THE 7TH |
|
Bristol Pirates batting - Pitching for Philadelphia (APP) Phillies : RHP Tim Starks
|
|
Batting: RHB Rusty Trader
|
0-0: SOLO HOME RUN (Flyball, 7D, EV 93.8 MPH), Distance : 355 ft
|
|
Batting: RHB Jon Solis
|
0-0: Ball 1-0: Called Strike 1-1: Ball 2-1: Ball 3-1: Swinging Strike 3-2: Foul Ball, location: 2F 3-2: Foul Ball, location: 2F 3-2: Base on Balls
|
|
Batting: RHB Hidesuke Yoshida
|
0-0: Ground out 4-3 (Groundball, 4S, EV 68.8 MPH) Jon Solis to second
|
|
Batting: SHB Juan Ayala
|
0-0: Swinging Strike 0-1: Ground out 6-3 (Groundball, 6S, EV 85.6 MPH) Jon Solis to third
|
|
Batting: RHB Alex Arzate
|
0-0: SINGLE (Line Drive, 8RS, EV 91.2 MPH) Jon Solis scores
|
|
Pitching: LHP Marc Haigler
|
|
|
Batting: RHB Ryan LeSueur
|
0-0: 2-RUN HOME RUN (Flyball, 7D, EV 101.9 MPH), Distance : 395 ft
|
|
Batting: LHB Josh Aerni
|
0-0: Ball 1-0: Ball 2-0: Foul Ball, location: 2F 2-1: Ball 3-1: Foul Ball, location: 2F 3-2: SINGLE (Line Drive, 6MD, EV 95.0 MPH)
|
|
Batting: RHB Ricky Alvarado
|
0-0: Ball 1-0: DOUBLE (Line Drive, 7LM, EV 105.6 MPH) Josh Aerni to third
|
|
Batting: RHB Steve Terres
|
0-0: Foul Ball, location: 2F 0-1: Ball 1-1: Foul Ball, location: 2F 1-2: Ball 2-2: SINGLE (Line Drive, 9LM, EV 110.0 MPH) Josh Aerni scores Ricky Alvarado to third Runner from 3rd tries for Home, SAFE, throw by RF to home
|
|
Batting: RHB Rusty Trader
|
0-0: Foul Ball, location: 2F 0-1: Foul Ball, location: 2F 0-2: Strikes out swinging
|
| Top of the 7th over - 6 runs, 6 hits, 0 errors, 1 left on base; Bristol 16 - Philadelphia (APP) 2 |
| BOTTOM OF THE 7TH |
|
Philadelphia (APP) Phillies batting - Pitching for Bristol Pirates : RHP Randy Nelligan
|
|
Pitching: RHP Onne Stubbe
|
|
|
Batting: RHB Miguel Vazquez
|
0-0: Swinging Strike 0-1: Ground out 5-3 (Groundball, 56S, EV 80.6 MPH)
|
|
Batting: LHB Travis Hahn
|
0-0: Called Strike 0-1: Swinging Strike 0-2: Strikes out swinging
|
|
Batting: RHB Dave Gallegos
|
0-0: Ball 1-0: Called Strike 1-1: Called Strike 1-2: Foul Ball, location: 2F 1-2: Ball 2-2: Ball 3-2: Ground out 6-3 (Groundball, P, EV 95.0 MPH)
|
| Bottom of the 7th over - 0 runs, 0 hits, 0 errors, 0 left on base; Bristol 16 - Philadelphia (APP) 2 |
| TOP OF THE 8TH |
|
Bristol Pirates batting - Pitching for Philadelphia (APP) Phillies : LHP Marc Haigler
|
|
Batting: RHB Jon Solis
|
0-0: Ball 1-0: Ball 2-0: Called Strike 2-1: Ball 3-1: Swinging Strike 3-2: Base on Balls
|
|
Pitching: RHP Victor Estrada
|
|
|
Batting: RHB Hidesuke Yoshida
|
0-0: Foul Ball, location: 2F 0-1: Ball 1-1: SINGLE (Groundball, 15S, EV 65.6 MPH) (infield hit) Jon Solis to second
|
|
Batting: SHB Juan Ayala
|
0-0: Called Strike 0-1: Ball 1-1: Foul Ball, location: 2F 1-2: Ball 2-2: Strikes out swinging
|
|
Batting: RHB Alex Arzate
|
0-0: Called Strike 0-1: Called Strike 0-2: Ball 1-2: Foul Ball, location: 2F 1-2: Ball 2-2: Ball 3-2: Base on Balls Jon Solis to third Hidesuke Yoshida to second
|
|
Batting: RHB Ryan LeSueur
|
0-0: Ball 1-0: Fly out, F8 (Flyball, 8RD, EV 96.2 MPH) Runner from 3rd tags up, SCORES, throw by CF
|
|
Batting: LHB Josh Aerni
|
0-0: Called Strike 0-1: Swinging Strike 0-2: Ball 1-2: Strikes out looking
|
| Top of the 8th over - 1 run, 1 hit, 0 errors, 2 left on base; Bristol 17 - Philadelphia (APP) 2 |
| BOTTOM OF THE 8TH |
|
Philadelphia (APP) Phillies batting - Pitching for Bristol Pirates : RHP Onne Stubbe
|
|
Batting: LHB Rich Kuehne
|
0-0: Swinging Strike 0-1: Ball 1-1: Ball 2-1: Ground out 6-3 (Groundball, 6, EV 82.5 MPH)
|
|
Pinch Hitting: LHB Jesse Haught
|
0-0: Called Strike 0-1: Ball 1-1: Ball 2-1: Ground out 5-3 (Groundball, 56, EV 80.6 MPH)
|
|
Batting: RHB Juan Valadez
|
0-0: Ball 1-0: Called Strike 1-1: Ground out 6-3 (Groundball, 56D, EV 96.2 MPH)
|
| Bottom of the 8th over - 0 runs, 0 hits, 0 errors, 0 left on base; Bristol 17 - Philadelphia (APP) 2 |
| TOP OF THE 9TH |
|
Bristol Pirates batting - Pitching for Philadelphia (APP) Phillies : RHP Victor Estrada
|
|
Now in RF: Jesse Haught
|
|
|
Batting: RHB Ricky Alvarado
|
0-0: Ball 1-0: Foul Ball, location: 2F 1-1: Ball 2-1: SOLO HOME RUN (Flyball, 78XD, EV 108.1 MPH), Distance : 421 ft
|
|
Batting: RHB Steve Terres
|
0-0: Ball 1-0: Fly out, F3 (Popup, 23F, EV 86.2 MPH)
|
|
Batting: RHB Rusty Trader
|
0-0: Ball 1-0: Fly out, F9 (Flyball, 89M, EV 83.8 MPH)
|
|
Batting: RHB Jon Solis
|
0-0: Ball 1-0: Foul Ball, location: 2F 1-1: DOUBLE (Line Drive, 3D, EV 100.6 MPH)
|
|
Batting: RHB Hidesuke Yoshida
|
0-0: Called Strike 0-1: Swinging Strike 0-2: Strikes out looking
|
| Top of the 9th over - 1 run, 2 hits, 0 errors, 1 left on base; Bristol 18 - Philadelphia (APP) 2 |
| BOTTOM OF THE 9TH |
|
Philadelphia (APP) Phillies batting - Pitching for Bristol Pirates : RHP Onne Stubbe
|
|
Batting: RHB Joel Gomez
|
0-0: Ball 1-0: Ball 2-0: Called Strike 2-1: Ball 3-1: Base on Balls
|
|
Batting: RHB Rafael Soto
|
0-0: Ball 1-0: Foul Ball, location: 2F 1-1: Ball 2-1: Called Strike 2-2: Ball 3-2: Fly out, F4 (Popup, 34S, EV 89.4 MPH)
|
|
Pitching: LHP Adam Clarke
|
|
|
Batting: RHB Allen Deschamps
|
0-0: Fly out, F8 (Flyball, 89D, EV 97.5 MPH)
|
|
Batting: RHB Miguel Vazquez
|
0-0: Swinging Strike 0-1: Ball 1-1: Ball 2-1: Ball 3-1: Base on Balls Joel Gomez to second
|
|
Batting: LHB Travis Hahn
|
0-0: Ball 1-0: SINGLE (Flyball, 8LS, EV 93.1 MPH) Joel Gomez to third Miguel Vazquez to second
|
|
Batting: RHB Dave Gallegos
|
0-0: Swinging Strike 0-1: Called Strike 0-2: Fly out, F9 (Flyball, 9S, EV 93.1 MPH)
|
| Bottom of the 9th over - 0 runs, 1 hit, 0 errors, 3 left on base; Bristol 18 - Philadelphia (APP) 2 |
|